 Dungeon Crawl Stone Soup version 0.31-a0-876-gfe8ebadbca (webtiles) character file.

Game seed: 5493887194168590073

8832 kae the Geomancer (level 11, -16/57 HPs)
             Began as a Gargoyle Earth Elementalist on Oct 13, 2023.
             Was a Believer of Vehumet.
             Killed by an exploding kobold (27 damage)
             ... ignited by their inner flame
             ... in a bailey.
             The game lasted 00:10:47 (10013 turns).

kae the Geomancer (Gargoyle Earth Elementalist)    Turns: 10013, Time: 00:10:48

Health: -16/57     AC: 17    Str: 12    XL:     11   Next: 37%
Magic:  23/23      EV: 11    Int: 20    God:    Vehumet [**....]
Gold:   421        SH:  0    Dex: 10    Spells: 12/26 levels left

rFire   . . .        f - +3 short sword (venom)
rCold   . . .        (no shield)
rNeg    + . .        J - +3 leather armour {Will+}
rPois   ∞            i - +1 helmet
rElec   +            h - +0 cloak
rCorr   .            (no gloves)
SInv    .            (no boots)
Will    +....        (no amulet)
Stlth   ++           (no ring)
HPRegen 0.29/turn    (no ring)
MPRegen 0.18/turn

%: no passive effects
@: no status effects
A: sickness immunity, AC +8, negative energy resistance 1, electricity
resistance, torment resistance 1, petrification resistance
a: Renounce Religion


You were in a bailey.
You worshipped Vehumet.
Vehumet was pleased with you.
You visited 2 branches of the dungeon, and saw 11 of its levels.
You also visited: Ossuary and Bailey.

You collected 494 gold pieces.
You spent 73 gold pieces at shops.


Innate Abilities, Weirdness & Mutations

You are immune to sickness and miasma.
Your stone body is resilient. (AC +8)
You are immune to poison.
You resist negative energy. (rN+)
You are resistant to electric shocks. (rElec)
You are resistant to unholy torment.
You are immune to petrification.


   Skills:
 + Level 2.0 Fighting
 + Level 2.0 Armour
 + Level 2.3 Dodging
 - Level 2.1 Stealth
 - Level 8.0 Spellcasting
 + Level 9.2 Conjurations
 - Level 0.7 Transmutations
 * Level 14.8 Earth Magic


You had 12 spell levels left.
You knew the following spells:

 Your Spells              Type           Power      Damage    Failure   Level
a - Sandblast             Erth           100%       2d20      1%          1
b - Stone Arrow           Conj/Erth      100%       3d13      1%          3
c - Brom's Barrelling Bo  Conj/Erth      54%        2d7       1%          4
d - Passwall              Tmut/Erth      32%        N/A       1%          2
e - Petrify               Tmut/Erth      39%        N/A       4%          4

Your spell library contained the following spells:

 Spells                   Type           Power      Damage    Failure   Level
 Foxfire                  Conj/Fire      100%       2x1d9     1%          1
 Kiss of Death            Conj/Necr      100%       2d13      1%          1
 Mephitic Cloud           Conj/Pois/Air  20%        N/A       10%         3
 Poisonous Vapours        Pois/Air       16%        N/A       16%         2
 Confusing Touch          Hex            8%         N/A       32%         3
 Freezing Cloud           Conj/Ice/Air   10%        6-21      65%         5
 Dispel Undead            Necr           8%         3d8       71%         4

Inventory:

Hand Weapons
 f - a +3 short sword of venom (weapon)
   (You took it off an orc on level 2 of the Dungeon)
Missiles
 c - 11 boomerangs
 d - 14 poisoned darts
 j - 83 stones
 y - a throwing net {=f!f}
 B - 4 curare-tipped darts {=f}
Armour
 a - a +0 robe
 h - a +0 cloak (worn)
   (You found it on level 2 of the Dungeon)
 i - a +1 helmet (worn)
   (You found it on level 2 of the Dungeon)
 s - the +2 robe "Zuorecem" {Str+3}
   (You found it on level 4 of the Dungeon)

   Str+3:     It affects your strength (+3).
 J - a +3 leather armour of willpower (worn)
   (You took it off Joseph on level 8 of the Dungeon)
Magical Staves
 r - a staff of conjuration {!a}
   (You found it on level 4 of the Dungeon)
 A - a staff of cold {!a}
   (You found it on level 5 of the Dungeon)
Jewellery
 S - a +6 ring of strength
   (You found it on level 4 of the Dungeon)
Wands
 g - a wand of mindburst (32)
   (You took it off Ijyb on level 2 of the Dungeon)
 k - a wand of roots (11)
   (You found it on level 3 of the Dungeon)
 t - a wand of flame (26)
   (You found it on level 4 of the Dungeon)
 G - a wand of paralysis (11)
   (You took it off Erica on level 8 of the Dungeon)
 I - a wand of acid (6)
   (You took it off Maggie on level 9 of the Dungeon)
Scrolls
 o - 4 scrolls of vulnerability {!r!r}
 p - 5 scrolls of fear
 q - 5 scrolls of teleportation {@r4}
 z - a scroll of immolation {!r!r}
Potions
 b - 3 potions of magic
 e - 2 potions of mutation {!q}
 l - 2 potions of lignification {!q}
 m - a potion of resistance {unknown}
 n - 2 potions of haste {@q3}
 u - 2 potions of berserk rage {!q}
 v - a potion of ambrosia
 w - 5 potions of heal wounds {@q2}
 x - 9 potions of curing {@q1}
 C - 2 potions of attraction {!q}
 E - a potion of invisibility
 H - 4 potions of degeneration {!q}
 K - 2 potions of might

Dungeon Overview and Level Annotations

Branches:
Dungeon (10/15) Zot: 26943  Temple (1/1) D:7 Zot: 5768    Lair (0/5) D:10
Ossuary (visited)          Bailey (1/1) Zot: 5904
    Orc: D:9-12

Altars:
Ashenzari
Cheibriados
Dithmenos
Elyvilon
Fedhas
Gozag
Hepliaklqana
Kikubaaqudgha
Makhleb
Nemelex Xobeh
Okawaru
Qazlal
Ru
Sif Muna
Trog
Uskayaw
Vehumet
Wu Jian
Xom
Yredelemnul
Zin
The Shining One

Shops:
D:6 (   D:7 !   D:9 *

Annotations:
D:7 2 runed translucent doors, jt's ghost, novice NaAr
D:9 2 transporters, Dirtsage's ghost, novice DsBe

#.#############
......§§§§....####
#§§@§.......##
##§#.........##
#§○#....⌠.....#
#§§###.......## ' ###§§'
#.....### # #. ...
.§§§###......#### ~.#.
####'####§§#.....~≈≈≈≈≈≈
≈≈####...Koo.####†≈≈)≈≈≈≈≈≈≈#
≈≈≈≈∩#...ogo.#∩≈≈≈≈≈≈)....###


There were no monsters in sight!


Message History

A kobold comes into view.
There is an open door here.
You hit the hobgoblin but do no damage. The hobgoblin closely misses you.
You hit the gnoll but do no damage.
The gnoll is poisoned.
The gnoll barely misses you.
An orc warrior comes into view. It is wielding a +0 war axe.
The hobgoblin hits you with a +0 hand axe. 😕 HP[-4]
You take 4 damage, and now have 53/57 hp.
A goblin comes into view. It is wielding a +0 hand axe.
The kobold hits you but does no damage. 😕 HP[+1]
The gnoll hits you but does no damage. The kobold attacks as it pursues you!
The kobold misses you.
The goblin shouts!
You hit the gnoll.
You hear a shout!
The gnoll hits you but does no damage.
An orc warrior comes into view. It is wielding a +0 war axe.
The kobold barely misses you.
A kobold comes into view.
You hear a shout!
You hit the gnoll but do no damage.
The gnoll looks as sick as possible!
The gnoll hits you but does no damage. The kobold barely misses you. 😕 HP[+1]
You barely miss the gnoll. The gnoll barely misses you.
The kobold barely misses you.
You hit the gnoll.
You kill the gnoll!
Vehumet accepts your kill.
The kobold throws a boomerang.
The boomerang barely misses you. The kobold hits you but does no damage.
You miss the kobold. The kobold misses you. The hobgoblin closely misses you.
You hit the goblin.
You kill the goblin!
Vehumet accepts your kill.
The hobgoblin hits you but does no damage. 😕 HP[+1]
You hit the hobgoblin but do no damage.
The hobgoblin is poisoned.
The kobold closely misses you.
You barely miss the orc warrior. The kobold closely misses you.
The kobold barely misses you.
You hit the orc warrior but do no damage.
The orc warrior is poisoned.
The kobold hits you but does no damage.
The orc knight roars a battlecry!
The orc warriors go into a battle-frenzy!
The kobold completely misses you.
The orc warrior hits you with a +0 war axe!
You hit the orc warrior.
The orc warrior looks even sicker.
The kobold closely misses you. The kobold hits you.
The orc warrior hits you with a +0 war axe! 😮 HP[-19]
You take 19 damage, and now have 37/57 hp.
MASSIVE DAMAGE!! (PAUSE)
Okay, then.
Okay, then.
You remove your +6 ring of strength.
You feel weaker.
Unknown command.
As you read the scroll of immolation {!r!r}, it crumbles to dust.
The creatures around you are filled with an inner flame!
Vehumet accepts your kill.
The hobgoblin explodes!
The fiery explosion engulfs the kobold!!
Vehumet accepts your kill.
The fiery explosion engulfs the orc warrior!!!
Vehumet accepts your kill.
The fiery explosion engulfs the kobold!!
Vehumet accepts your kill.
The fiery explosion engulfs the orc knight!!
Flame seeps out of the orc knight.
The fiery explosion engulfs the gnoll!!
Vehumet accepts your kill. x2
You feel a bit more experienced.
The gnoll explodes!
The fiery explosion engulfs the kobold!!
Vehumet accepts your kill.
The kobold explodes! x2
The fiery explosion engulfs the orc knight!!!
Flame seeps out of the orc knight.
The orc warrior explodes!
The fiery explosion engulfs the kobold!!!
Vehumet accepts your kill.
The kobold explodes! x2
The fiery explosion engulfs the orc knight!!
Vehumet accepts your kill.
The fiery explosion engulfs the orc warrior!!!
Vehumet accepts your kill.
The orc warrior explodes!
The fiery explosion engulfs the kobold!
Vehumet accepts your kill. The fiery explosion engulfs you!!
* * * LOW HITPOINT WARNING * * *
The kobold explodes!
The fiery explosion engulfs you.
* * * LOW HITPOINT WARNING * * *
The fiery explosion engulfs the kobold!!
Vehumet accepts your kill.
The kobold explodes!
The fiery explosion engulfs you!!
You die...

Skill      XL: |  1  2  3  4  5  6  7  8  9 10 11 |
---------------+----------------------------------+-----
Earth Magic    | 4 5 6 7 8 10 12 14 | 14.8
Conjurations   | 1 2 3 4 5 7 8 9 |  9.2
Spellcasting   | 3 4 5 6 7 8 |  8.0
Fighting       | 2 |  2.0
Armour         | 2 |  2.0
Dodging        | 2 |  2.3
Stealth        | |  2.1
Transmutations | |  0.7

Action                     |  1- 3 |  4- 6 |  7- 9 | 10-12 || total
---------------------------+-------+-------+-------+-------++-------
  Melee: Short sword       |       |    29 |    38 |    40 ||   107
         Punch             |       |     1 |       |       ||     1
   Cast: Sandblast         |    56 |    97 |   116 |    69 ||   338
         Stone Arrow       |       |       |    30 |    49 ||    79
         Brom's Barrelling |       |       |     2 |     8 ||    10
    Use: Scroll            |     1 |     1 |    17 |     6 ||    25
         Potion            |       |     1 |       |       ||     1
   Stab: Sleeping          |       |       |     1 |       ||     1
 Armour: Robe              |     9 |    80 |    86 |    48 ||   223
         Leather armour    |       |       |       |    28 ||    28
  Dodge: Dodged            |     8 |    70 |    51 |    60 ||   189

Levels and vault maps discovered:
D:1:      wheals_arrival_shading, layout_basic, chequers_jeans
D:2:      kennysheep_the_goblin_king, layout_basic, basic_altar
D:3:      layout_rooms, grunt_temple_overflow_champion_of_chaos,
          mainiacjoe_overflow_alcove_2, basic_ecumenical_altar, uniq_robin
D:4:      layout_basic, nicolae_ossuary_entry_false_entrances, uniq_menkaure
D:5:      layout_basic
D:6:      layout_loops_cross, grunt_gozag_breadcrumbs, kennysheep_windowed_goal
D:7:      kennysheep_six_static_rooms, layout_basic,
          minmay_temple_entry_gardened_gates, ebering_ghost_disaster_area,
          serial_shops, shop, solitary_fountain, nicolae_twisty_statue_hallways
D:8:      layout_basic, st_stairs_10, uniq_erica, uniq_amaemon, uniq_joseph
D:9:      layout_irregular_city, chequers_temple_overflow_minitemple,
          gammafunk_ghost_wrathful_warriors, st_stairs_2,
          nicolae_shop_clearance, uniq_psyche, uniq_maggie
D:10:     layout_long_grid, david_lair_generic, enter_bailey_2, uniq_lodul
Temple:   nicolae_temple_figure_eight
Bailey:   bailey_axe_4, bailey

Notes
Turn   | Place    | Note
-------+----------+-------------------------------------------
     0 | D:1      | kae the Gargoyle Earth Elementalist began the quest for the
                  | Orb.
     0 | D:1      | Reached XP level 1. HP: 10/10 MP: 3/3
     0 | D:1      | magus.rc [v1.11.3]
    89 | D:1      | Reached skill level 4 in Earth Magic
   124 | D:1      | Reached XP level 2. HP: 15/15 MP: 0/5
   496 | D:1      | Reached XP level 3. HP: 19/19 MP: 1/6
   500 | D:1      | Learned a level 3 spell: Stone Arrow
  1352 | D:2      | Reached skill level 5 in Earth Magic
  1352 | D:2      | Reached XP level 4. HP: 24/24 MP: 4/7
  1386 | D:2      | Noticed Ijyb
  1425 | D:2      | Found an iron altar of Okawaru.
  1553 | D:2      | Reached skill level 1 in Conjurations
  1943 | D:2      | Killed Ijyb
  1944 | D:2      | Reached skill level 3 in Spellcasting
  1944 | D:2      | Reached XP level 5. HP: 16/28 MP: 6/9
  2088 | D:3      | Noticed Robin
  2213 | D:3      | Killed Robin
  2257 | D:3      | Found a shimmering altar of Xom.
  2257 | D:3      | Found a burning altar of Makhleb.
  2262 | D:3      | Reached skill level 2 in Conjurations
  2262 | D:3      | Reached skill level 6 in Earth Magic
  2326 | D:3      | Found a faded altar of an unknown god.
  2430 | D:3      | Reached XP level 6. HP: 29/32 MP: 4/10
  2504 | D:3      | Learned a level 4 spell: Brom's Barrelling Boulder
  2507 | D:3      | Learned a level 2 spell: Passwall
  2566 | D:3      | You pick up a book of Touch and begin reading...
  2566 | D:3      | You add the spells Kiss of Death, Confusing Touch and
                  | Dispel Undead to your library.
  2648 | D:3      | Found an ancient bone altar of Kikubaaqudgha.
  2929 | D:4      | You pick up a book of Vapours and begin reading...
  2929 | D:4      | You add the spells Poisonous Vapours, Mephitic Cloud and
                  | Freezing Cloud to your library.
  2994 | D:4      | Identified the +2 robe "Zuorecem" {Str+3}
  3013 | D:4      | Found a sand-covered staircase.
  3059 | Ossuary  | Entered an ossuary
  3113 | Ossuary  | Reached skill level 3 in Conjurations
  3113 | Ossuary  | Reached skill level 7 in Earth Magic
  3121 | Ossuary  | Reached XP level 7. HP: 20/36 MP: 4/12
  3204 | Ossuary  | Reached skill level 4 in Spellcasting
  3372 | Ossuary  | Reached skill level 8 in Earth Magic
  3384 | Ossuary  | Reached skill level 4 in Conjurations
  3395 | Ossuary  | Reached XP level 8. HP: 41/41 MP: 1/14
  3533 | D:4      | Noticed Menkaure
  3539 | D:4      | Killed Menkaure
  4113 | D:5      | Entered Level 5 of the Dungeon
  4122 | D:5      | Learned a level 4 spell: Petrify
  4202 | D:5      | Reached skill level 9 in Earth Magic
  4507 | D:5      | Reached skill level 5 in Spellcasting
  4574 | D:5      | Reached skill level 5 in Conjurations
  4998 | D:5      | Reached skill level 10 in Earth Magic
  5194 | D:6      | Found an opulent altar of Gozag.
  5216 | D:6      | Reached XP level 9. HP: 45/45 MP: 17/17
  5577 | D:6      | Noticed a troll
  5590 | D:6      | Killed a troll
  5591 | D:6      | Reached skill level 6 in Conjurations
  5655 | D:6      | Noticed a cyclops
  5659 | D:6      | Killed a cyclops
  5660 | D:6      | Reached skill level 6 in Spellcasting
  5660 | D:6      | Reached skill level 11 in Earth Magic
  5773 | D:6      | Found Ycaos's Weapon Emporium.
  6334 | D:7      | Found a staircase to the Ecumenical Temple.
  6352 | Temple   | Entered the Ecumenical Temple
  6353 | Temple   | HP: 6/45 [gnoll/+0 flail (10)]
  6513 | Temple   | Became a worshipper of Vehumet
  6531 | D:7      | Reached skill level 7 in Conjurations
  6536 | Temple   | Reached skill level 12 in Earth Magic
  6662 | D:7      | Found Giq Vibu's Distillery.
  6675 | D:7      | Bought a potion of heal wounds for 65 gold pieces
  6849 | D:7      | Found a large runed translucent door.
  6849 | D:7      | Found a large runed translucent door.
  6865 | D:7      | Noticed a two-headed ogre
  6870 | D:7      | Reached XP level 10. HP: 50/50 MP: 15/19
  6873 | D:7      | Killed a two-headed ogre
  6962 | D:7      | Reached skill level 7 in Spellcasting
  7158 | D:7      | Reached skill level 13 in Earth Magic
  7211 | D:7      | Reached * piety under Vehumet
  7211 | D:7      | Offered knowledge of Freeze by Vehumet.
  7430 | D:7      | Noticed jt's ghost (novice NaAr)
  7592 | D:8      | Noticed Erica
  7609 | D:8      | Paralysed by something for 4 turns
  7678 | D:8      | Killed Erica
  7679 | D:8      | Reached skill level 8 in Conjurations
  7957 | D:8      | Noticed Joseph
  7966 | D:8      | Killed Joseph
  8267 | D:8      | Noticed Amaemon
  8284 | D:8      | Noticed an orange demon
  8303 | D:8      | Killed Amaemon
  8304 | D:8      | Reached skill level 14 in Earth Magic
  8304 | D:8      | Reached XP level 11. HP: 34/54 MP: 4/22
  8783 | D:8      | Reached skill level 8 in Spellcasting
  8968 | D:9      | Found a transporter.
  8968 | D:9      | Noticed Psyche
  9039 | D:9      | Noticed Dirtsage's ghost (novice DsBe)
  9177 | D:9      | Found a transporter.
  9178 | D:9      | Found a bloodstained altar of Trog.
  9188 | D:9      | Noticed a moth of wrath
  9283 | D:9      | Reached skill level 9 in Conjurations
  9334 | D:9      | Killed Psyche
  9335 | D:9      | Reached skill level 1 in Fighting
  9335 | D:9      | Reached skill level 1 in Armour
  9343 | D:9      | Reached skill level 2 in Dodging
  9473 | D:9      | Found a blossoming altar of Fedhas.
  9473 | D:9      | Found a glowing silver altar of Zin.
  9481 | D:9      | Found a glowing golden altar of the Shining One.
  9483 | D:9      | Found a bloodstained altar of Trog.
  9485 | D:9      | Found an ornate altar of the Wu Jian Council.
  9591 | D:9      | Noticed Maggie
  9600 | D:9      | Killed Maggie
  9717 | D:9      | Found Atiepsim's CLEARANCE SALE!.
  9725 | D:9      | Bought a potion of might for 8 gold pieces
  9774 | D:9      | Noticed a two-headed ogre
  9869 | D:10     | Entered Level 10 of the Dungeon
  9870 | D:10     | Found a staircase to the Lair.
  9881 | D:9      | Reached skill level 2 in Armour
  9915 | D:10     | Found a flagged portal.
  9920 | D:10     | Identified the +1 mace of Qiebong {flame, *Rage rPois rF+}
  9924 | Bailey   | Entered a bailey
  9945 | Bailey   | Noticed an orc knight
  9958 | Bailey   | Offered knowledge of Foxfire by Vehumet.
  9962 | Bailey   | Reached ** piety under Vehumet
  9968 | Bailey   | Reached skill level 2 in Fighting
 10013 | Bailey   | Killed an orc knight
 10013 | Bailey   | HP: 11/57 [spore (5)]
 10013 | Bailey   | Killed by an exploding kobold... ignited by their inner
                  | flame

Vanquished Creatures
  Erica (D:8)
  A two-headed ogre (D:7)
  Amaemon (D:8)
  An orc knight (Bailey)
  A cyclops (D:6)
  Joseph (D:8)
  An orange demon (D:8)
  Psyche (D:9)
  Maggie (D:9)
  3 trolls
  2 wyverns (D:8)
  3 yaks
  A wraith (D:9)
  Menkaure (D:4)
  A steam dragon (D:7)
  A water moccasin (D:6)
  A black bear (D:6)
  6 orc warriors
  A sky beast (D:6)
  An ogre (D:5)
  A centaur (D:5)
  A phantom (D:5)
  2 kobold brigands
  4 elf zombies (Ossuary)
  A gnoll sergeant (D:7)
  4 bullfrogs
  5 scorpions
  5 wights
  6 howler monkeys
  4 human zombies (Ossuary)
  A crimson imp (D:3)
  3 hounds
  4 centaur zombies (Ossuary)
  4 orc priests
  A gnoll bouda (D:6)
  2 jellies
  3 iguanas
  Ijyb (D:2)
  10 orc wizards
  3 mummies (Ossuary)
  Robin (D:3)
  13 adders
  20 gnolls
  A shadow imp (D:7)
  An ufetubus (D:4)
  2 dart slugs
  36 orcs
  7 bats
  9 endoplasms
  2 giant cockroaches
  21 goblins
  14 hobgoblins
  2 jackals (D:1)
  7 quokkas
  8 ball pythons
  23 kobolds
  5 rats
267 creatures vanquished.

Vanquished Creatures (collateral kills)
  4 boulders
4 creatures vanquished.

Vanquished Creatures (others)
  3 boulders
3 creatures vanquished.

Grand Total: 274 creatures vanquished

Table legend:
 A = Non-vault XP
 B = Vault XP
 C = Vault XP percentage of total XP
 D = Non-vault monster count
 E = Vault monster count
 F = Vault count percentage of total count
                 A         B        C        D         E       F
            +---------+---------+-------+---------+---------+-------
      Total |    6650 |    6908 |  51.0 |     188 |      79 |  29.6
            +---------+---------+-------+---------+---------+-------
        D:1 |      62 |       0 |   0.0 |      36 |       0 |   0.0
        D:2 |      87 |      61 |  41.2 |      16 |      14 |  46.7
        D:3 |      79 |      67 |  45.9 |      14 |       5 |  26.3
        D:4 |     120 |     172 |  58.9 |      21 |       1 |   4.5
        D:5 |     867 |       0 |   0.0 |      28 |       0 |   0.0
        D:6 |    1705 |     289 |  14.5 |      23 |       3 |  11.5
        D:7 |    1758 |     237 |  11.9 |      24 |       6 |  20.0
        D:8 |     825 |    2617 |  76.0 |      11 |       8 |  42.1
        D:9 |     590 |    1577 |  72.8 |      11 |       5 |  31.2
       D:10 |     412 |       0 |   0.0 |       2 |       0 |   0.0
     Temple |     145 |       0 |   0.0 |       2 |       0 |   0.0
    Ossuary |       0 |     790 | 100.0 |       0 |      15 | 100.0
     Bailey |       0 |    1098 | 100.0 |       0 |      22 | 100.0
            +---------+---------+-------+---------+---------+-------

Skill      XL: |  1  2  3  4  5  6  7  8  9 10 11 |
---------------+----------------------------------+-----
Earth Magic    | 4 5 6 7 8 10 12 14 | 14.8
Conjurations   | 1 2 3 4 5 7 8 9 |  9.2
Spellcasting   | 3 4 5 6 7 8 |  8.0
Fighting       | 2 |  2.0
Armour         | 2 |  2.0
Dodging        | 2 |  2.3
Stealth        | |  2.1
Transmutations | |  0.7

Action                     |  1- 3 |  4- 6 |  7- 9 | 10-12 || total
---------------------------+-------+-------+-------+-------++-------
  Melee: Short sword       |       |    29 |    38 |    40 ||   107
         Punch             |       |     1 |       |       ||     1
   Cast: Sandblast         |    56 |    97 |   116 |    69 ||   338
         Stone Arrow       |       |       |    30 |    49 ||    79
         Brom's Barrelling |       |       |     2 |     8 ||    10
    Use: Scroll            |     1 |     1 |    17 |     6 ||    25
         Potion            |       |     1 |       |       ||     1
   Stab: Sleeping          |       |       |     1 |       ||     1
 Armour: Robe              |     9 |    80 |    86 |    48 ||   223
         Leather armour    |       |       |       |    28 ||    28
  Dodge: Dodged            |     8 |    70 |    51 |    60 ||   189

Illustrated notes

Table legend:
 A = Kills in this place as a percentage of kills in the entire game.
 B = Kills by you in this place as a percentage of kills by you in the entire game.
 C = Kills by friends in this place as a percentage of kills by friends in the entire game.
 D = Other kills in this place as a percentage of other kills in the entire game.
 E = Experience gained in this place as a percentage of experience gained in the entire game.
 F = Experience gained in this place divided by the number of levels of this place that you have seen.
                   A       B       C       D       E      F
               +-------+-------+-------+-------+-------+----------------------
         Total | 100.0 | 100.0 |   N/A |   N/A | 100.0 | 1042.9
       Dungeon |  85.4 |  85.4 |   N/A |   N/A |  85.0 | 1152.5
        Temple |   0.7 |   0.7 |   N/A |   N/A |   1.1 | 145.0
       Ossuary |   5.6 |   5.6 |   N/A |   N/A |   5.8 | 790.0
        Bailey |   8.2 |   8.2 |   N/A |   N/A |   8.1 | 1098.0
               +-------+-------+-------+-------+-------+----------------------

Table legend: (Time is in decaauts)
 A = Elapsed time spent in this place.
 B = Non-inter-level travel time spent in this place.
 C = Inter-level travel time spent in this place.
 D = Time resting spent in this place.
 E = Time spent auto-exploring this place.
 F = Levels seen in this place.
 G = Mean time per level.
                   A        B        C        D        E       F      G
               +--------+--------+--------+--------+--------+-----+--------+
         Total |  10187 |   9816 |    371 |    550 |   7538 |  13 |  783.6 |
       Dungeon |   9370 |   9030 |    340 |    373 |   7140 |  10 |  937.0 |
        Temple |    231 |    200 |     31 |     61 |    129 |   1 |  231.0 |
       Ossuary |    492 |    492 |      0 |    116 |    236 |   1 |  492.0 |
        Bailey |     94 |     94 |      0 |      0 |     33 |   1 |   94.0 |
               +--------+--------+--------+--------+--------+-----+--------+

Top non-repeatable levels by time:
     D:8: 1389 daAuts
     D:1: 1253 daAuts
     D:7: 1118 daAuts
     D:5: 1092 daAuts
     D:6: 1068 daAuts
     D:2: 1004 daAuts
     D:9: 939 daAuts
     D:4: 784 daAuts
     D:3: 700 daAuts
 Ossuary: 492 daAuts
  Temple: 231 daAuts
  Bailey: 94 daAuts
    D:10: 17 daAuts
